 Dungeon Sprint DCSS version 0.20-a0-556-g892c87b (webtiles) character file.

2156 dvd the Cleaver (level 9, -6/86 HPs)
             Began as a Minotaur Fighter on Feb 4, 2017.
             Was an Elder of Okawaru.
             Killed from afar by an oklob plant (11 damage)
             ... with a splash of acid
             ... in the Dungeon (Sprint IV: "Fedhas' Mad Dash").
             The game lasted 00:05:51 (1838 turns).

dvd the Cleaver (Minotaur Fighter)                  Turns: 1838, Time: 00:05:51

Health: -6/86      AC:  3    Str: 22    XL:     9   Next: 10%
Magic:  8/10       EV: 11    Int: 10    God:    Okawaru [****..]
Gold:   34         SH: 12    Dex: 12    Spells: 8/8 levels left

rFire    . . .     SeeInvis .   a - +0 war axe
rCold    . . .     Gourm    .   o - +2 scale mail {rPois}
rNeg     . . .     Faith    .   c - +0 shield
rPois    +         Spirit   .   (helmet restricted)
rElec    .         Reflect  .   (no cloak)
rCorr    .         Harm     .   (no gloves)
MR       .....     NoTele   +   (no boots)
Stlth    +.........             l - amulet of invisibility {+Inv}
Regen    0.3/turn               (no ring)
                                n - +5 ring of intelligence

@: corroded, very slightly contaminated, invisible
A: retaliatory headbutt, horns 2
a: Heroism, Renounce Religion, Turn Visible


You were in the Dungeon.
You worshipped Okawaru.
Okawaru was greatly pleased with you.
You were very hungry.

You visited 1 branch You collected 214 gold pieces.
You spent 180 gold pieces at shops.

Inventory:

Hand Weapons
 a - a +0 war axe (weapon)
Armour
 b - a +0 scale mail
 c - a +0 shield (worn)
 o - a +2 scale mail of poison resistance (worn)
Magical Staves
 d - an uncursed staff of wizardry
 p - an uncursed staff of summoning
Jewellery
 l - the amulet of invisibility (around neck) {+Inv}
   (You found it in the Dungeon)

   [amulet of nothing]

   It lets you turn invisible.
 n - a +5 ring of intelligence (left hand)
Scrolls
 j - a scroll of amnesia {unknown}
 k - a scroll of blinking
Potions
 e - a potion of curing
 g - a potion of heal wounds
 h - a potion of haste
 i - 2 potions of magic
Comestibles
 f - a bread ration
 m - 3 royal jellies


   Skills:
 + Level 10.7 Fighting
 + Level 14.1 Axes
 + Level 11.1 Armour
 + Level 4.2 Dodging
 + Level 2.7 Stealth
 + Level 11.1 Shields
 + Level 1.7 Invocations
 + Level 3.7 Evocations


You had 8 spell levels left.
You didn't know any spells.

Dungeon Overview and Level Annotations

Branches:
Dungeon (1/1)

Altars:
Cheibriados
Dithmenos
Elyvilon
Gozag
Hepliaklqana
Kikubaaqudgha
Makhleb
Nemelex Xobeh
Okawaru
Qazlal
Ru
Sif Muna
Trog
Uskayaw
Vehumet
Xom
Yredelemnul
Zin
The Shining One
Beogh
Jiyva
Lugonu

Shops:
D *[:=

Annotations:
D exclusion: oklob plant


Innate Abilities, Weirdness & Mutations

You reflexively headbutt those who attack you in melee.
You have a pair of horns on your head.


Message History

The oklob plant is severely damaged.
The oklob plant spits acid at you. The splash of acid hits you!
The acid corrodes you!
You are splashed with acid!
The acid burns!
You strike the helpless oklob plant from behind!
You hit the oklob plant but do no damage.
The oklob plant is severely damaged.
You hit the oklob plant but do no damage.
The oklob plant is severely damaged.
The oklob plant spits acid at you. The splash of acid hits you!
* * * LOW HITPOINT WARNING * * *
You are splashed with acid!
The acid burns!
* * * LOW HITPOINT WARNING * * *
You hit the oklob plant but do no damage.
The oklob plant is severely damaged.
You feel like a meek peon again. The oklob plant spits acid at you.
The splash of acid hits you!
You die...

#<..P#.....#.....#.⌠._._._.f.⌠
#PP..'.[...'.#[..'.._._._._._.
#PPPP#.....#.#...#..._._._._..
###############'##.._._._._._.
#...♣........'...#.⌠._._._._.⌠
#......♣.....#...#############
#.....♣..♣..######
##'####'######.)+
#..#....'....@..#
#..#..###....P..# #######
#########


You could see an oklob plant.

Vanquished Creatures
  An oklob plant (D)
  3 burning bushes (D)
  A queen bee (D)
  2 wandering mushrooms (D)
  2 scorpions (D)
  4 killer bees (D)
  5 oklob saplings (D)
  A worker ant (D)
  2 spriggans (D)
  A river rat (D)
  A rat (D)
23 creatures vanquished.

Notes
Turn   | Place    | Note
-------+----------+-------------------------------------------
     0 | D        | dvd the Minotaur Fighter began the quest for the Orb.
     0 | D        | Reached XP level 1. HP: 19/19 MP: 0/0
    12 | D        | Reached XP level 2. HP: 13/28 MP: 1/1
   172 | D        | Noticed an oklob sapling
   175 | D        | Killed an oklob sapling
   175 | D        | Reached skill level 5 in Fighting
   175 | D        | Reached skill level 3 in Axes
   175 | D        | Reached skill level 5 in Armour
   175 | D        | Reached skill level 5 in Shields
   175 | D        | Reached XP level 3. HP: 36/36 MP: 2/2
   320 | D        | Found an opulent altar of Gozag.
   320 | D        | Found a hazy altar of Hepliaklqana.
   320 | D        | Found a burning altar of Makhleb.
   320 | D        | Found a roughly hewn altar of Beogh.
   320 | D        | Found a sparkling altar of Nemelex Xobeh.
   320 | D        | Found a snail-covered altar of Cheibriados.
   320 | D        | Found a sacrificial altar of Ru.
   320 | D        | Found a deep blue altar of Sif Muna.
   320 | D        | Found a shimmering altar of Xom.
   320 | D        | Found a basalt altar of Yredelemnul.
   324 | D        | Found a viscous altar of Jiyva.
   324 | D        | Found a bloodstained altar of Trog.
   324 | D        | Noticed an oklob sapling priest
   325 | D        | Found an iron altar of Okawaru.
   325 | D        | Found a glowing silver altar of Zin.
   325 | D        | Found a shadowy altar of Dithmenos.
   326 | D        | Found a hide-covered altar of Uskayaw.
   326 | D        | Found an ancient bone altar of Kikubaaqudgha.
   327 | D        | Found a stormy altar of Qazlal.
   327 | D        | Found a glowing golden altar of the Shining One.
   327 | D        | Found a white marble altar of Elyvilon.
   328 | D        | Found a radiant altar of Vehumet.
   328 | D        | Found a corrupted altar of Lugonu.
   335 | D        | Killed an oklob sapling priest
   335 | D        | Reached skill level 4 in Axes
   335 | D        | Reached XP level 4. HP: 8/44 MP: 1/3
   599 | D        | Became a worshipper of Warmaster Okawaru
   615 | D        | Reached skill level 5 in Axes
   630 | D        | Noticed a queen bee
   633 | D        | Reached skill level 6 in Axes
   633 | D        | Reached skill level 1 in Stealth
   633 | D        | Reached skill level 1 in Evocations
   633 | D        | Reached XP level 5. HP: 52/52 MP: 3/5
   633 | D        | Reached skill level 7 in Axes
   633 | D        | Reached skill level 1 in Dodging
   643 | D        | Killed a queen bee
   643 | D        | Reached * piety under Okawaru
   643 | D        | Reached skill level 9 in Axes
   643 | D        | Reached XP level 6. HP: 35/62 MP: 4/6
   645 | D        | Reached XP level 7. HP: 38/69 MP: 4/7
   832 | D        | Noticed an oklob plant
   850 | D        | Killed an oklob plant
   850 | D        | Reached ** piety under Okawaru
   850 | D        | Reached skill level 11 in Axes
   850 | D        | Reached skill level 10 in Armour
   955 | D        | Noticed a burning bush
   970 | D        | Killed a burning bush
   970 | D        | Reached skill level 12 in Axes
   970 | D        | Reached skill level 10 in Shields
   970 | D        | Reached XP level 8. HP: 51/79 MP: 9/9
  1093 | D        | Noticed a burning bush
  1093 | D        | Noticed an oklob plant
  1095 | D        | Noticed a wandering mushroom
  1100 | D        | Killed a burning bush
  1100 | D        | Reached *** piety under Okawaru
  1366 | D        | Reached skill level 10 in Fighting
  1366 | D        | Reached skill level 13 in Axes
  1417 | D        | Found Otysiqawn's Antique Armour Shop.
  1417 | D        | Found Lalehim's General Store.
  1424 | D        | Bought a glowing scale mail for 180 gold pieces
  1435 | D        | Noticed a burning bush
  1435 | D        | Noticed a wandering mushroom
  1436 | D        | Noticed a wandering mushroom
  1654 | D        | Reached skill level 1 in Invocations
  1660 | D        | Killed a wandering mushroom
  1660 | D        | Reached **** piety under Okawaru
  1668 | D        | Killed a burning bush
  1668 | D        | Reached skill level 14 in Axes
  1668 | D        | Reached XP level 9. HP: 65/86 MP: 7/10
  1757 | D        | Found Ynym's Book Shoppe.
  1758 | D        | Found Tezxiss's Jewellery Emporium.
  1838 | D        | Killed from afar by an oklob plant

Vault maps used:
D:        dungeon_sprint_fedhas

Skill      XL: |  1  2  3  4  5  6  7  8 |
---------------+-------------------------+-----
Fighting       | 4 5 6 7 8 9 10 | 10.7
Armour         | 4 5 7 9 10 11 | 11.1
Shields        | 4 5 6 7 9 10 11 | 11.1
Axes           | 3 4 6 9 12 14 | 14.1
Stealth        | 1 2 |  2.7
Evocations     | 1 2 3 |  3.7
Dodging        | 2 3 4 |  4.2
Invocations    | 1 |  1.7

Action                   |  1- 3 |  4- 6 |  7- 9 || total
-------------------------+-------+-------+-------++-------
Melee: War axe           |    18 |    16 |    77 ||   111
       Headbutt          |     4 |       |    31 ||    35
Invok: Heroism           |       |       |     5 ||     5
 Abil: Evoke Invisibilit |     1 |       |     3 ||     4
  Use: Potion            |     1 |     1 |       ||     2
 Stab: Invisible         |     1 |       |     3 ||     4
  Eat: Royal jelly       |       |       |     1 ||     1
       Chunk             |       |       |     1 ||     1
Armor: Scale mail        |     4 |     4 |     2 ||    10
Dodge: Dodged            |     4 |     6 |     8 ||    18
Block: Shield            |     4 |    13 |    24 ||    41
